 Dungeon Crawl Stone Soup version 0.28.0-53-g5a82cb258f (webtiles) character file.

Game seed: 8556386396411008260

1609 hawla the Magician (level 8, -3/44 HPs)
             Began as a Deep Elf Air Elementalist on June 20, 2022.
             Slain by a water moccasin (7 damage)
             ... on level 6 of the Dungeon.
             The game lasted 00:15:53 (9368 turns).

hawla the Magician (Deep Elf Air Elementalist)      Turns: 9368, Time: 00:15:53

Health: -3/44      AC:  3    Str:  5    XL:     8   Next: 63%
Magic:  21/21      EV: 14    Int: 23    God:
Gold:   315        SH:  0    Dex: 15    Spells: 19/22 levels left

rFire   . . .      SeeInvis .   m - +2 dagger (venom)
rCold   . . .      Faith    .   (no shield)
rNeg    . . .      Spirit   .   a - +1 robe
rPois   .          Reflect  .   (no helmet)
rElec   .          Harm     .   (no cloak)
rCorr   .          Rampage  .   (no gloves)
Will    .....                   (no boots)
Stlth   +++.......              (no amulet)
HPRegen 0.14/turn               (no ring)
MPRegen 0.17/turn               (no ring)

@: lethally poisoned (-3 -> -12)
A: no striking features
a: no special abilities


You were on level 6 of the Dungeon.
You visited 1 branch of the dungeon, and saw 6 of its levels.
You also visited: Sewer.

You collected 315 gold pieces.

Inventory:

Hand Weapons
 e - a +3 dagger of draining
 m - a +2 dagger of venom (weapon)
Missiles
 b - 2 datura-tipped darts
 g - 15 poisoned darts (quivered)
 h - 2 curare-tipped darts
 q - 2 javelins
Armour
 a - a +1 robe (worn)
Jewellery
 p - an amulet of faith
Wands
 i - a wand of polymorph (14)
Scrolls
 f - a scroll of summoning
 j - 3 scrolls of identify
 k - 2 scrolls of teleportation
 l - 4 scrolls of fog
 o - a scroll of amnesia
 s - a scroll of magic mapping {unknown}
 t - a scroll of enchant weapon
Potions
 d - a potion of haste
 n - a potion of cancellation
 r - 3 potions of brilliance


   Skills:
 + Level 1.9 Fighting
 + Level 4.1 Short Blades
 + Level 0.1 Throwing
 + Level 5.1 Dodging
 + Level 4.2 Stealth
 + Level 7.7 Spellcasting
 + Level 4.7 Conjurations
 + Level 5.5 Air Magic


You had 19 spell levels left.
You knew the following spells:

 Your Spells              Type           Power      Damage    Failure   Level
a - Shock                 Conj/Air       100%       1d9       1%          1
b - Static Discharge      Conj/Air       32%        N/A       1%          2

Your spell library contained the following spells:

 Spells                   Type           Power      Damage    Failure   Level
 Swiftness                Air            34%        N/A       2%          3
 Corpse Rot               Necr/Air       42%        N/A       3%          2
 Poisonous Vapours        Pois/Air       42%        N/A       3%          2
 Mephitic Cloud           Conj/Pois/Air  24%        N/A       5%          3
 Airstrike                Air            17%        N/A       7%          4
 Ignite Poison            Fire/Tmut/Pois 8%         N/A       22%         3
 Freezing Cloud           Conj/Ice/Air   12%        6-21      43%         5


Dungeon Overview and Level Annotations

Branches:
Dungeon (6/15)             Temple (0/1) D:4           Sewer (visited)

Altars:
Cheibriados
Makhleb

Shops:
D:4 *


Message History

You hit the water moccasin.
The water moccasin is poisoned.
The water moccasin is lightly wounded.
The water moccasin bites you.
You are poisoned.
The water moccasin poisons you!
You closely miss the water moccasin.
The water moccasin is lightly wounded.
You feel sick. The water moccasin bites you!
You are lethally poisoned!
The water moccasin poisons you!
You are too injured to fight recklessly!
Unknown command.
It was a potion of heal wounds.
You feel much better.
You feel very sick. The water moccasin bites you.
The water moccasin barely misses you.
You feel very sick.
You feel very sick.
You feel sick. The water moccasin barely misses you.
You feel sick.
You feel sick. The water moccasin barely misses you.
You feel sick.
You feel sick.
You feel sick. The water moccasin bites you.
You feel sick.
You feel sick.
You are no longer poisoned.
The water moccasin closely misses you. The water moccasin bites you.
* * * LOW HITPOINT WARNING * * *
The water moccasin bites you.
* * * LOW HITPOINT WARNING * * *
You are lethally poisoned!
The water moccasin poisons you!
* * * LOW HITPOINT WARNING * * *
You feel very sick.
You hit the water moccasin.
The water moccasin looks even sicker.
The water moccasin is almost dead.
* * * LOW HITPOINT WARNING * * *
You feel sick. The water moccasin bites you!
You die...

...######...### #...## ##.
..............###...# ##..
...............#...## ##...
..........###......## ##...#
.......#### ##......## ##...##
.....### #.......## #...##
......## #........#####...#
...(...# ##...............##
#......## #...@S...........##
#.......## #.........####....###
#........####........#####.......
#....................###.........
.................................
...............................##
..........<....................#
...........[............####...##
....#.................### ##...#


You could see a water moccasin (very poisoned).

Vanquished Creatures
  Grinder (D:5)
  A steam dragon (D:5)
  A sky beast (D:6)
  An ogre (D:6)
  A centaur (D:5)
  A phantom (D:5)
  2 kobold brigands (Sewer)
  2 scorpions (D:6)
  A howler monkey (D:6)
  A centaur zombie (D:5)
  3 jellies
  A bullfrog zombie (D:5)
  A bullfrog skeleton (D:5)
  An orc priest (D:5)
  3 hounds
  2 iguanas (D:6)
  2 hound skeletons
  3 gnolls (D:4)
  A howler monkey skeleton (D:5)
  9 adders
  2 river rats (Sewer)
  A shadow imp (D:6)
  7 worms
  2 dart slugs
  10 orcs
  9 ball pythons
  10 endoplasms
  3 giant cockroaches
  11 hobgoblins
  6 jackals (D:1)
  5 quokkas
  8 bats
  2 frilled lizards
  5 goblins
  12 kobolds
  A quokka skeleton (D:4)
  4 rats
136 creatures vanquished.

Notes
Turn   | Place    | Note
-------+----------+-------------------------------------------
     0 | D:1      | hawla the Deep Elf Air Elementalist began the quest for the
                  | Orb.
     0 | D:1      | Reached XP level 1. HP: 10/10 MP: 6/6
   195 | D:1      | Reached XP level 2. HP: 15/15 MP: 0/8
   198 | D:1      | Learned a level 2 spell: Static Discharge
  1153 | D:1      | Reached XP level 3. HP: 19/19 MP: 8/10
  1176 | D:1      | Found a faded altar of an unknown god.
  1509 | D:2      | Reached skill level 4 in Spellcasting
  2510 | D:3      | Reached XP level 4. HP: 22/24 MP: 3/12
  3363 | D:4      | Found a snail-covered altar of Cheibriados.
  3673 | D:4      | You fall into a shaft and drop 1 floor!
  3673 | D:5      | Entered Level 5 of the Dungeon
  3673 | D:5      | Noticed a phantom
  3681 | D:5      | Reached XP level 5. HP: 16/28 MP: 11/14
  3687 | D:5      | Killed a phantom
  3688 | D:5      | Reached skill level 5 in Spellcasting
  3953 | D:5      | Noticed a steam dragon
  3981 | D:5      | HP: 1/28 [orc priest/+0 mace (7)]
  3984 | D:5      | Reached skill level 1 in Short Blades
  3987 | D:5      | Reached XP level 6. HP: 5/33 MP: 1/16
  4459 | D:5      | Found a burning altar of Makhleb.
  5005 | D:4      | Found a staircase to the Ecumenical Temple.
  5056 | D:4      | Found Zehehao's General Store.
  5265 | D:5      | Killed a steam dragon
  5266 | D:5      | Reached skill level 6 in Spellcasting
  5266 | D:5      | Reached XP level 7. HP: 13/37 MP: 12/18
  5489 | D:5      | Noticed Grinder
  5492 | D:5      | Paralysed by Grinder for 5 turns
  5508 | D:5      | Killed Grinder
  5509 | D:5      | Reached skill level 1 in Fighting
  5913 | D:5      | Reached skill level 5 in Air Magic
  6409 | D:6      | Reached skill level 7 in Spellcasting
  6568 | D:6      | Reached XP level 8. HP: 43/43 MP: 20/20
  6758 | D:6      | Found a glowing drain.
  6767 | Sewer    | Entered a sewer
  9062 | D:6      | Reached skill level 5 in Dodging
  9368 | D:6      | Slain by a water moccasin

Illustrated notes

Levels and vault maps discovered:
D:1:      lemuel_arrival_behind_the_door_small, layout_basic,
          shapermc_ecumenical_altar_petra, chequers_serial_rivers_micro_a,
          chequers_serial_rivers_small_a
D:2:      layout_basic
D:3:      layout_basic
D:4:      layout_rooms, mainiacjoe_overflow_alcove_1,
          minmay_temple_entry_glassed_door, serial_shops,
          nicolae_shop_advertising_works [nicolae_subvault_shop_adworks],
          hex_tiny, grunt_decor_arrowhead
D:5:      layout_rooms, mainiacjoe_overflow_boulevard, uniq_grinder
D:6:      layout_layer_cave, kennysheep_little_box, portal_sewer_entry_f

Skill      XL: |  1  2  3  4  5  6  7  8 |
---------------+-------------------------+-----
Spellcasting   | 4 5 6 7 |  7.7
Stealth        | 3 4 |  4.2
Conjurations   | 2 3 4 |  4.7
Dodging        | 3 5 |  5.1
Air Magic      | 4 5 |  5.5
Short Blades   | 1 2 4 |  4.1
Fighting       | 1 |  1.9
Throwing       | |  0.1

Action                   |  1- 3 |  4- 6 |  7- 9 || total
-------------------------+-------+-------+-------++-------
Melee: Unarmed           |    14 |       |       ||    14
       Dagger            |    11 |    40 |   201 ||   252
       Punch             |       |       |     3 ||     3
Throw: Dart              |       |       |     2 ||     2
 Cast: Shock             |    93 |    36 |    11 ||   140
       Static Discharge  |     7 |    19 |    28 ||    54
  Use: Scroll            |     7 |     6 |       ||    13
       Potion            |       |     2 |     4 ||     6
 Stab: Sleeping          |       |     6 |     2 ||     8
Armor: Robe              |    12 |     5 |    23 ||    40
Dodge: Dodged            |    35 |    48 |   118 ||   201
